 Dungeon Crawl Stone Soup version 0.29.1-14-g9c671dbff4 (webtiles) character file.

Game seed: 11579656096124107406

91 croobank the Twirler (level 4, 0/29 HPs)
             Began as an Octopode Wanderer on Feb 16, 2023.
             Slain by a gnoll
             ... wielding a +0 whip
              (7 damage)
             ... on level 3 of the Dungeon.
             The game lasted 00:04:30 (1945 turns).

croobank the Twirler (Octopode Wanderer)            Turns: 1945, Time: 00:04:30

Health: 0/29       AC:  1    Str: 16    XL:     4   Next: 59%
Magic:  5/5        EV: 13    Int: 14    God:
Gold:   91         SH:  0    Dex: 14    Spells: 2/4 levels left

rFire   . . .      SeeInvis .   a - +2 quarterstaff
rCold   + . .      Faith    .   (shield currently unavailable)
rNeg    . . .      Spirit   .   c - +0 hat
rPois   .          Reflect  .   (no amulet)
rElec   .          Harm     .   f - ring of protection from cold
rCorr   .          Rampage  .   m - +6 ring of strength
Will    .....                   (no ring)
Stlth   +++.......              (no ring)
HPRegen 0.09/turn               (no ring)
MPRegen 0.09/turn               (no ring)
                                (no ring)
                                (no ring)

@: no status effects
A: almost no armour, amphibious, 8 rings, camouflage 1, gelatinous body 1,
(nimble swimmer 1), tentacles
a: no special abilities


You were on level 3 of the Dungeon.
You visited 1 branch of the dungeon, and saw 3 of its levels.

You collected 91 gold pieces.

Inventory:

Hand Weapons
 a - a +2 quarterstaff (weapon)
 b - a +0 short sword
Missiles
 j - 6 poisoned darts (quivered)
Armour
 c - a +0 hat (worn)
Jewellery
 f - a ring of protection from cold (left tentacle)
 m - a +6 ring of strength (right tentacle)
Scrolls
 h - a scroll of identify {unknown}
 i - 2 scrolls of enchant weapon {unknown}
 k - a scroll of fog {unknown}
 n - a scroll of enchant armour {unknown}
Potions
 d - a potion of haste
 e - a potion of attraction {unknown}
 g - 2 potions of flight {unknown}
 l - a potion of curing {unknown}
 o - a potion of ambrosia {unknown}


   Skills:
 + Level 1.7 Fighting
 + Level 2.4 Short Blades
 + Level 3.3 Staves
 + Level 2.3 Dodging
 + Level 2.5 Stealth
 + Level 0.7 Spellcasting
 + Level 1.1 Fire Magic
 + Level 2.0 Evocations


You had 2 spell levels left.
You knew the following spells:

 Your Spells              Type           Power      Damage    Failure   Level
a - Scorch                Fire           6%         2d5       26%         2

Your spell library contained the following spells:

 Spells                   Type           Power      Damage    Failure   Level
 Static Discharge         Conj/Air       0%         3-3/arc   38%         2
 Flame Wave               Conj/Fire      2%         2d4       91%         4
 Lightning Bolt           Conj/Air       0%         1d11      100%        5
 Summon Cactus Giant      Summ           0%         N/A       100%        6
 Maxwell's Capacitive Co  Air            0%         ∞         100%        8


Dungeon Overview and Level Annotations

Branches:
Dungeon (3/15)

Altars:


Innate Abilities, Weirdness & Mutations

You cannot wear most types of armour.
You are amphibious.
You can wear up to eight rings at the same time.
Your skin changes colour to match your surroundings (Stealth+).
Your rubbery body absorbs attacks. (AC +1, EV +1)
((You are camouflaged when in or above water. (Stealth+)))
You have tentacles for arms and can constrict up to eight enemies at once.


Message History

There is a stone staircase leading down here.
You sock the gnoll! You grab the gnoll.
The gnoll is severely wounded.
You constrict the gnoll, but do no damage.
The gnoll closely misses you.
You sock the gnoll!
You kill the gnoll!
Your Evocations skill increases to level 2!
You start resting.
HP restored.
You climb downwards.
The gnoll hits you with a +0 club. The gnoll barely misses you.
There is a stone staircase leading up here.
You hit the gnoll but do no damage. You grab the gnoll.
You constrict the gnoll. The gnoll closely misses you.
You hit the gnoll.
You squeeze the gnoll, but do no damage.
The gnoll is heavily wounded.
You constrict the gnoll. The gnoll barely misses you.
You sock the gnoll!
You kill the gnoll!
You start resting.
A gnoll comes into view. It is wielding a +0 whip.
You climb upwards.
There is a stone staircase leading down here.
You start resting.
Magic restored.
You climb downwards.
The gnoll hits you with a +0 whip. The gnoll closely misses you.
The gnoll hits you with a +0 whip! The gnoll misses you.
There is a stone staircase leading up, spattered with blood here.
You are too injured to fight recklessly!
Okay, then.
Okay, then.
You thump the gnoll! You grab the gnoll. You squeeze the gnoll.
The gnoll is heavily wounded.
You constrict the gnoll. The gnoll hits you with a +0 whip.
* * * LOW HITPOINT WARNING * * *
The gnoll hits you with a +0 whip!
You die...

######### #.......#
#.......# #.......#
#.......#
######.......###
...............#
............g#.#
...........g@#.##
#...............#
#...............#
#...............#
#...................
#...................
#...............#..P
....>..♣.......P.
.......P........


You could see 2 gnolls.

Vanquished Creatures
  2 gnolls
  An adder (D:2)
  2 worms (D:2)
  5 dart slugs
  An orc (D:3)
  2 endoplasms
  3 giant cockroaches
  6 goblins
  2 hobgoblins (D:2)
  2 jackals (D:1)
  5 kobolds
  2 quokkas (D:2)
  A ball python (D:2)
  2 bats
  5 frilled lizards
  7 rats
48 creatures vanquished.

Notes
Turn   | Place    | Note
-------+----------+-------------------------------------------
     0 | D:1      | croobank the Octopode Wanderer began the quest for the Orb.
     0 | D:1      | croobank set off with the following items: a +2
                  | quarterstaff, a +0 short sword, a +0 hat, a potion of
                  | haste.
     0 | D:1      | Reached XP level 1. HP: 13/13 MP: 1/1
    43 | D:1      | Found a faded altar of an unknown god.
    71 | D:1      | Reached XP level 2. HP: 12/18 MP: 2/2
   777 | D:1      | Reached XP level 3. HP: 23/23 MP: 3/3
   922 | D:2      | Learned a level 2 spell: Scorch
  1508 | D:2      | Reached XP level 4. HP: 28/28 MP: 4/4
  1689 | D:2      | Reached skill level 1 in Fire Magic
  1945 | D:3      | Slain by a gnoll

Illustrated notes

Levels and vault maps discovered:
D:1:      shiori_arrival_elements, layout_rooms,
          hellmonk_ecumenical_altar_arch_garden
D:2:      layout_loops_ring
D:3:      minmay_bubble_buster, layout_basic, serial_shops,
          nicolae_shop_statue_plus, hangedman_glass_teeth, serial_park_tiny_1,
          nicolae_grassy_gnolls, uniq_jessica

Skill      XL: |  1  2  3  4 |
---------------+-------------+-----
Stealth        | 2 |  2.5
Fire Magic     | 1 |  1.1
Evocations     | 2 |  2.0
Fighting       | |  1.7
Short Blades   | |  2.4
Staves         | |  3.3
Dodging        | |  2.3
Spellcasting   | |  0.7

Action                   |  1- 3 |  4- 6 || total
-------------------------+-------+-------++-------
Melee: Quarterstaff      |    58 |    18 ||    76
       Tentacles         |     8 |     3 ||    11
       Constrict         |    14 |     6 ||    20
       Punch             |     1 |       ||     1
  Use: Scroll            |     1 |       ||     1
 Stab: Sleeping          |     4 |     5 ||     9
Armor: Skin              |     4 |       ||     4
Dodge: Dodged            |    26 |     8 ||    34
